 Dungeon Crawl Stone Soup version 0.20.1-1-g8b1a95d (webtiles) character file.

46 vatarom the Ducker (level 3, -3/28 HPs)
             Began as a Demonspawn Gladiator on Sept 15, 2017.
             Killed from afar by Natasha (6 damage)
             ... with a magic dart
             ... on level 1 of the Dungeon.
             The game lasted 00:01:43 (657 turns).

vatarom the Ducker (Demonspawn Gladiator)            Turns: 657, Time: 00:01:44

Health: -3/28      AC:  4    Str: 13 (15) XL:     3   Next: 46%
Magic:  0/3        EV: 12    Int:  7 (9)  God:
Gold:   9          SH:  4    Dex: 11 (14) Spells: 2/2 levels left

rFire    x . .     SeeInvis .   a - +0 long sword
rCold    + . .     Gourm    .   (no shield)
rNeg     . . .     Faith    .   b - +0 leather armour
rPois    .         Spirit   +   c - +0 helmet
rElec    .         Reflect  .   (no cloak)
rCorr    .         Harm     .   (no gloves)
MR       .....                  (no boots)
Stlth    +.........             (no amulet)
Regen    0.1/turn               j - ring of ice
MPRegen  0.1/turn               (no ring)

@: slowed, very slow
A: large bone plates 1, magic shield
a: no special abilities


You were on level 1 of the Dungeon.
You were not hungry.

You visited 1 branch of the dungeon, and saw 2 of its levels.

You collected 9 gold pieces.

Inventory:

Hand Weapons
 a - a +0 long sword (weapon)
Missiles
 d - a throwing net (quivered)
Armour
 b - a +0 leather armour (worn)
 c - a +0 helmet (worn)
Jewellery
 j - a ring of ice (left hand)
Comestibles
 f - a bread ration
 g - 6 chunks of flesh
 l - a royal jelly
 n - a meat ration


   Skills:
 + Level 2.3 Fighting
 * Level 3.1 Long Blades
 - Level 1.7 Throwing
 + Level 1.0 Armour
 * Level 3.3 Dodging


You had 2 spell levels left.
You didn't know any spells.

Dungeon Overview and Level Annotations

Branches:
Dungeon (2/15)

Altars:
Ashenzari

Annotations:
D:1 Natasha


Innate Abilities, Weirdness & Mutations

You are partially covered in large bone plates. (SH +4)
When hurt, damage is shared between your health and your magic reserves.


Message History

Natasha stares at you and mumbles some strange words.
The magic dart hits you! The hobgoblin hits you.
Throwing (i - inventory):
d - 2 throwing nets (quivered)
Press: ? - help, Shift-Dir - straight line, f/p - hobgoblin
Aim: a hobgoblin (moderately wounded)
You throw a throwing net.
The throwing net closely misses the hobgoblin.
Natasha claws you!
* * * LOW HITPOINT WARNING * * *
The hobgoblin misses you.
You feel better.
Natasha mumbles some strange words.
You feel disoriented. Natasha claws you.
* * * LOW HITPOINT WARNING * * *
The hobgoblin hits you.
* * * LOW HITPOINT WARNING * * *
Natasha casts a spell at you. The magic dart hits you!
You die...

#..........# ###
#..........# #.#
#..........# #.#
#..........# #.#
##........#### #.#
#............####.##
#..........#......[.
#.>........######.#.
#..@g.....(# ##.##
#.h.......># ##....
#######........#####...##
#......#.........[...#..#
#......######รท###########
#.......# #....# #....
#....(..# #....# #....
#.......###....# #....
###.###...#....# #...#


You could see Natasha and a hobgoblin.

Vanquished Creatures
  A gnoll (D:1)
  An ooze (D:1)
  2 dart slugs
  A leopard gecko (D:1)
  6 giant cockroaches
  3 goblins (D:1)
  2 hobgoblins (D:1)
  A kobold (D:1)
  3 ball pythons (D:1)
  2 bats (D:1)
  A frilled lizard (D:1)
  3 rats
26 creatures vanquished.

Notes
Turn   | Place    | Note
-------+----------+-------------------------------------------
     0 | D:1      | vatarom the Demonspawn Gladiator began the quest for the Orb.
     0 | D:1      | Reached XP level 1. HP: 16/16 MP: 1/1
   173 | D:1      | Found a shattered altar of Ashenzari.
   227 | D:1      | Gained mutation: You are partially covered in large bone plates. (SH +4) [demonic ancestry]
   227 | D:1      | Reached XP level 2. HP: 22/22 MP: 2/2
   468 | D:1      | Gained mutation: When hurt, damage is shared between your health and your magic reserves. [demonic ancestry]
   468 | D:1      | Reached XP level 3. HP: 26/27 MP: 3/3
   612 | D:1      | Reached skill level 1 in Armour
   646 | D:2      | Noticed Natasha
   657 | D:1      | Killed from afar by Natasha

Skill      XL: |  1  2  3 |
---------------+----------+-----
Dodging        | 3 |  3.3
Long Blades    | 3 |  3.1
Armour         | 1 |  1.0
Fighting       | |  2.3
Throwing       | |  1.7

Action                   || total
-------------------------++-------
Melee: Long sword        ||    65
Throw: Throwing net      ||     2
  Use: Scroll            ||     5
       Potion            ||     4
 Stab: Sleeping          ||     1
Armor: Leather armour    ||    23
Dodge: Dodged            ||    52
Block: Other             ||    12
       Rpst.: Long sword ||    18
